[ AOE2 MATCH · #477074029 ]
UnrankedDravidians vs Bulgarians
Player's team · WIN
[ REPLAY ANALYSIS · EXTRACTED FROM THE RECORDED GAME ]
Feudal
10:28
Castle
24:31
Imperial
44:39
| APM avg | 94.8 |
| APM peak | 136 |
| eAPM avg | 37.6 |
| Villagers / military | 238 / 107 |
Focus
⚔️ 28.3% · 🌾 71.7%
Archer ×57 · Mangonel ×19 · Spearman ×12 · Skirmisher ×11 · Monk ×6 · Trebuchet (Packed) ×2
Feudal
9:46
Castle
26:02
Imperial
—
| APM avg | 49.7 |
| APM peak | 97 |
| eAPM avg | 24.3 |
| Villagers / military | 125 / 73 |
Focus
⚔️ 26.8% · 🌾 73.2%
Archer ×47 · Mangonel ×12 · Militia ×6 · Konnik ×3 · Battering Ram ×3 · Scorpion ×2
Match map
Initial resources + every placement click. Lines = walls · curves = elevation contours. ◆ gold · ⬟ stone · ● berries · ✦ relic · ◌ wall gap
Your base· Open — unwalled flank
plepuw6's base· Open — unwalled flank
Smoothed initial terrain · ◌ = detected wall gap · hover for details
Inputs per minute
— Jorge Garcia - - plepuw6
Build order — Jorge Garcia
First 150 of 534 actions detected
| 0:00 | Create | Villager (Male) |
| 0:01 | Build | House |
| 0:02 | Build | House |
| 0:06 | Create | Villager (Male) |
| 0:06 | Create | Villager (Male) |
| 0:07 | Create | Villager (Male) |
| 1:42 | Create | Villager (Male) |
| 1:43 | Create | Villager (Male) |
| 2:34 | Create | Villager (Male) |
| 2:34 | Create | Villager (Male) |
| 2:38 | Research | Loom |
| 2:53 | Create | Villager (Male) |
| 3:17 | Create | Villager (Male) |
| 3:17 | Create | Villager (Male) |
| 3:30 | Build | House |
| 3:39 | Create | Villager (Male) |
| 3:52 | Build | Lumber Camp |
| 4:23 | Create | Villager (Male) |
| 4:28 | Create | Villager (Male) |
| 4:33 | Create | Villager (Male) |
| 5:02 | Create | Villager (Male) |
| 5:25 | Create | Villager (Male) |
| 5:39 | Create | Villager (Male) |
| 6:01 | Create | Villager (Male) |
| 6:05 | Build | Mill |
| 6:08 | Create | Villager (Male) |
| 6:22 | Research | Loom |
| 6:24 | Create | Villager (Male) |
| 6:27 | Build | House |
| 6:44 | Create | Villager (Male) |
| 6:55 | Create | Villager (Male) |
| 7:21 | Create | Villager (Male) |
| 7:21 | Research | Loom |
| 7:31 | Build | House |
| 8:17 | Research | Feudal Age |
| 8:18 | Research | Feudal Age |
| 8:21 | Build | House |
| 8:33 | Build | Barracks |
| 8:34 | Build | Palisade Wall |
| 9:04 | Build | Mining Camp |
| 9:15 | Create | Villager (Male) |
| 10:28 | Age | Feudal Age |
| 10:29 | Build | Archery Range |
| 10:33 | Research | Double-Bit Axe |
| 10:33 | Research | Double-Bit Axe |
| 10:36 | Build | Palisade Wall |
| 10:37 | Build | Palisade Wall |
| 10:38 | Build | Palisade Wall |
| 10:39 | Build | Palisade Wall |
| 10:41 | Build | Palisade Wall |
| 10:43 | Build | Palisade Wall |
| 10:51 | Create | Villager (Male) |
| 10:51 | Create | Villager (Male) |
| 10:57 | Create | Villager (Male) |
| 10:58 | Create | Villager (Male) |
| 11:08 | Create | Villager (Male) |
| 11:25 | Build | Blacksmith |
| 11:29 | Create | Villager (Male) |
| 11:38 | Create | Archer |
| 11:39 | Create | Archer |
| 11:57 | Create | Archer |
| 11:58 | Create | Archer |
| 12:03 | Research | Fletching |
| 12:05 | Build | Farm |
| 12:09 | Research | Horse Collar |
| 12:09 | Research | Horse Collar |
| 12:15 | Create | Archer |
| 12:20 | Build | Farm |
| 12:42 | Research | Padded Archer Armor |
| 12:43 | Research | Padded Archer Armor |
| 12:49 | Build | Farm |
| 12:53 | Create | Archer |
| 12:56 | Create | Villager (Male) |
| 12:58 | Build | Farm |
| 13:00 | Build | Farm |
| 13:00 | Build | Farm |
| 13:14 | Create | Skirmisher |
| 13:19 | Create | Villager (Male) |
| 13:20 | Build | Farm |
| 13:28 | Create | Villager (Male) |
| 13:50 | Create | Villager (Male) |
| 13:52 | Build | House |
| 13:59 | Create | Skirmisher |
| 14:06 | Create | Archer |
| 14:08 | Create | Archer |
| 14:11 | Create | Villager (Male) |
| 14:13 | Create | Villager (Male) |
| 14:14 | Create | Villager (Male) |
| 14:17 | Build | Watch Tower |
| 14:19 | Create | Skirmisher |
| 14:24 | Build | House |
| 14:29 | Create | Villager (Male) |
| 14:30 | Build | House |
| 14:30 | Build | House |
| 14:33 | Create | Villager (Male) |
| 14:47 | Create | Archer |
| 14:54 | Build | Farm |
| 15:08 | Build | House |
| 15:09 | Build | House |
| 15:10 | Build | House |
| 15:14 | Create | Villager (Male) |
| 15:22 | Create | Villager (Male) |
| 15:34 | Create | Archer |
| 15:42 | Create | Villager (Male) |
| 16:07 | Build | House |
| 16:08 | Build | House |
| 16:18 | Create | Villager (Male) |
| 16:25 | Create | Skirmisher |
| 16:25 | Create | Skirmisher |
| 16:34 | Create | Villager (Male) |
| 16:40 | Build | Farm |
| 16:52 | Create | Skirmisher |
| 16:53 | Create | Villager (Male) |
| 17:02 | Create | Skirmisher |
| 17:04 | Create | Villager (Male) |
| 17:19 | Build | Lumber Camp |
| 17:25 | Build | Lumber Camp |
| 17:28 | Create | Villager (Male) |
| 17:28 | Create | Villager (Male) |
| 17:30 | Create | Skirmisher |
| 17:35 | Create | Villager (Male) |
| 17:46 | Build | Mining Camp |
| 17:49 | Create | Villager (Male) |
| 17:50 | Create | Villager (Male) |
| 17:55 | Create | Skirmisher |
| 18:01 | Research | Town Watch |
| 18:02 | Research | Town Watch |
| 18:05 | Create | Skirmisher |
| 18:12 | Build | Farm |
| 18:13 | Create | Villager (Male) |
| 18:19 | Create | Villager (Male) |
| 18:20 | Create | Villager (Male) |
| 18:30 | Create | Villager (Male) |
| 18:31 | Create | Skirmisher |
| 19:00 | Create | Villager (Male) |
| 19:09 | Create | Villager (Male) |
| 19:15 | Build | House |
| 19:20 | Create | Villager (Male) |
| 19:38 | Create | Archer |
| 19:38 | Create | Archer |
| 19:55 | Build | Farm |
| 19:56 | Create | Villager (Male) |
| 19:59 | Build | House |
| 20:02 | Create | Archer |
| 20:02 | Create | Villager (Male) |
| 20:10 | Create | Villager (Male) |
| 20:11 | Build | Market |
| 20:12 | Create | Villager (Male) |
| 20:13 | Create | Villager (Male) |
| 20:23 | Create | Villager (Male) |
Build order — plepuw6
First 150 of 300 actions detected
| 0:00 | Create | Villager (Male) |
| 0:01 | Build | House |
| 0:02 | Build | House |
| 0:17 | Create | Villager (Male) |
| 0:20 | Create | Villager (Male) |
| 0:33 | Create | Villager (Male) |
| 0:33 | Create | Villager (Male) |
| 0:55 | Build | House |
| 1:43 | Create | Villager (Male) |
| 1:43 | Create | Villager (Male) |
| 2:02 | Create | Villager (Male) |
| 2:03 | Create | Villager (Male) |
| 2:10 | Research | Loom |
| 2:46 | Create | Villager (Male) |
| 2:46 | Create | Villager (Male) |
| 2:46 | Create | Villager (Male) |
| 3:03 | Create | Villager (Male) |
| 3:26 | Create | Villager (Male) |
| 3:27 | Create | Villager (Male) |
| 3:49 | Create | Villager (Male) |
| 4:02 | Build | Lumber Camp |
| 4:53 | Create | Villager (Male) |
| 4:55 | Create | Villager (Male) |
| 4:55 | Create | Villager (Male) |
| 5:03 | Create | Villager (Male) |
| 5:11 | Create | Villager (Male) |
| 5:38 | Build | Palisade Wall |
| 6:58 | Build | Mill |
| 7:05 | Create | Villager (Male) |
| 7:36 | Research | Feudal Age |
| 7:36 | Research | Feudal Age |
| 8:12 | Build | Barracks |
| 8:44 | Build | Mining Camp |
| 9:00 | Create | Militia |
| 9:00 | Create | Militia |
| 9:04 | Build | House |
| 9:12 | Build | House |
| 9:14 | Create | Militia |
| 9:46 | Age | Feudal Age |
| 9:49 | Build | Archery Range |
| 10:07 | Create | Villager (Male) |
| 10:47 | Create | Archer |
| 10:53 | Create | Villager (Male) |
| 11:02 | Build | Archery Range |
| 11:10 | Create | Archer |
| 11:25 | Create | Villager (Male) |
| 11:34 | Build | House |
| 11:37 | Build | Watch Tower |
| 11:56 | Build | House |
| 12:07 | Create | Archer |
| 12:10 | Create | Villager (Male) |
| 12:13 | Build | Farm |
| 12:23 | Build | House |
| 12:28 | Create | Archer |
| 12:43 | Create | Archer |
| 12:44 | Create | Archer |
| 12:49 | Build | Farm |
| 12:56 | Create | Archer |
| 12:56 | Create | Archer |
| 13:27 | Create | Archer |
| 13:27 | Create | Archer |
| 13:30 | Create | Militia |
| 13:34 | Create | Villager (Male) |
| 13:36 | Build | Farm |
| 13:55 | Create | Archer |
| 13:55 | Create | Archer |
| 14:10 | Create | Archer |
| 14:10 | Create | Archer |
| 14:16 | Create | Villager (Male) |
| 14:28 | Create | Villager (Male) |
| 14:30 | Create | Archer |
| 14:39 | Build | Blacksmith |
| 14:45 | Create | Archer |
| 15:00 | Create | Archer |
| 15:01 | Create | Archer |
| 15:02 | Create | Villager (Male) |
| 15:21 | Create | Villager (Male) |
| 15:30 | Create | Archer |
| 15:45 | Research | Fletching |
| 15:45 | Research | Fletching |
| 15:46 | Create | Villager (Male) |
| 15:50 | Build | Mining Camp |
| 15:57 | Create | Archer |
| 16:02 | Create | Villager (Male) |
| 16:14 | Build | Outpost |
| 16:18 | Create | Archer |
| 16:31 | Create | Villager (Male) |
| 16:33 | Build | House |
| 16:41 | Build | Watch Tower |
| 17:01 | Create | Archer |
| 17:01 | Create | Archer |
| 17:07 | Create | Villager (Male) |
| 17:32 | Create | Villager (Male) |
| 17:42 | Create | Villager (Male) |
| 17:50 | Build | House |
| 18:07 | Build | Market |
| 18:53 | Create | Militia |
| 19:16 | Create | Villager (Male) |
| 19:17 | Create | Archer |
| 19:21 | Create | Villager (Male) |
| 19:22 | Create | Archer |
| 19:22 | Create | Archer |
| 19:34 | Build | Farm |
| 19:35 | Build | Farm |
| 19:36 | Build | Farm |
| 19:43 | Create | Archer |
| 19:43 | Create | Archer |
| 19:44 | Create | Militia |
| 19:49 | Research | Double-Bit Axe |
| 19:55 | Create | Archer |
| 19:55 | Create | Archer |
| 20:16 | Create | Villager (Male) |
| 20:18 | Build | Watch Tower |
| 20:59 | Create | Archer |
| 20:59 | Create | Archer |
| 21:26 | Build | Mining Camp |
| 21:53 | Build | Farm |
| 23:01 | Build | Lumber Camp |
| 23:22 | Research | Castle Age |
| 23:22 | Research | Castle Age |
| 23:24 | Create | Archer |
| 23:24 | Create | Archer |
| 23:24 | Create | Archer |
| 23:42 | Create | Archer |
| 23:43 | Create | Archer |
| 23:46 | Create | Archer |
| 23:52 | Create | Archer |
| 23:53 | Create | Archer |
| 24:05 | Create | Archer |
| 24:06 | Create | Archer |
| 24:39 | Build | Farm |
| 24:41 | Create | Archer |
| 25:12 | Create | Archer |
| 25:12 | Create | Archer |
| 25:57 | Build | House |
| 26:02 | Age | Castle Age |
| 26:09 | Build | Siege Workshop |
| 26:17 | Research | Bodkin Arrow |
| 26:17 | Research | Bodkin Arrow |
| 26:18 | Create | Villager (Male) |
| 26:24 | Create | Archer |
| 26:24 | Create | Archer |
| 26:26 | Create | Villager (Male) |
| 26:47 | Create | Scorpion |
| 26:47 | Create | Scorpion |
| 26:48 | Create | Villager (Male) |
| 27:16 | Create | Mangonel |
| 27:20 | Create | Villager (Male) |
| 27:39 | Build | Farm |
| 27:40 | Build | Farm |
Match timeline
| 5:38 | plepuw6 · wall_segment Palisade Wall x1 |
| 8:12 | plepuw6 · first_building Barracks |
| 8:33 | Jorge Garcia · first_building Barracks |
| 8:34 | Jorge Garcia · wall_segment Palisade Wall x1 |
| 9:46 | plepuw6 · age_up feudal |
| 9:49 | plepuw6 · first_building Archery Range |
| 10:28 | Jorge Garcia · age_up feudal |
| 10:29 | Jorge Garcia · first_building Archery Range |
| 10:36 | Jorge Garcia · wall_segment Palisade Wall x1 |
| 10:37 | Jorge Garcia · wall_segment Palisade Wall x1 |
| 10:38 | Jorge Garcia · wall_segment Palisade Wall x1 |
| 10:39 | Jorge Garcia · wall_segment Palisade Wall x1 |
| 10:41 | Jorge Garcia · wall_segment Palisade Wall x1 |
| 10:43 | Jorge Garcia · wall_segment Palisade Wall x1 |
| 20:50 | plepuw6 · first_market_buy 100 food |
| 21:16 | Jorge Garcia · first_market_buy 100 food |
| 21:32 | Jorge Garcia · first_market_sell 100 wood |
| 22:12 | plepuw6 · first_market_sell 100 stone |
| 22:38 | Jorge Garcia · wall_segment Palisade Wall x10 |
| 24:31 | Jorge Garcia · age_up castle |
| 24:48 | Jorge Garcia · first_building Monastery |
| 25:00 | Jorge Garcia · first_building Siege Workshop |
| 26:02 | plepuw6 · age_up castle |
| 26:09 | plepuw6 · first_building Siege Workshop |
| 30:04 | Jorge Garcia · first_building Castle |
| 30:48 | plepuw6 · first_building Krepost |
| 40:12 | plepuw6 · first_building Castle |
| 44:39 | Jorge Garcia · age_up imperial |
| 47:55 | plepuw6 · resign |
[ AI ANALYSIS · 1 CREDIT ]
What really happened in this match?
Wolo.gg analyzes every decision: build order, eco, micro, common mistakes by bracket. Personalized analysis on WhatsApp or Discord in 30 seconds.
Civ guide
Dravidians
Perfil
Jugador #2574050